 Dungeon Crawl Stone Soup version 0.24-a0-446-g87df7205b4 (webtiles) character file.

Game seed: 8257105488047933685

494 Mrkan the Cudgeler (level 6, -9/56 HPs)
             Began as a Minotaur Fighter on June 23, 2019.
             Mangled by a kobold
             ... wielding a +2 short sword of electrocution
              (15 damage)
             ... on level 3 of the Dungeon.
             The game lasted 00:05:01 (2406 turns).

Mrkan the Cudgeler (Minotaur Fighter)               Turns: 2406, Time: 00:05:02

Health: -9/56      AC:  7    Str: 20    XL:     6   Next: 92%
Magic:  5/5        EV:  7    Int:  5    God:
Gold:   138        SH:  0    Dex: 12    Spells: 5/5 levels left

rFire    . . .     SeeInvis .   u - +0 flail (protect)
rCold    . . .     Gourm    .   c - +0 shield
rNeg     . . .     Faith    .   b - +0 scale mail
rPois    .         Spirit   .   (helmet restricted)
rElec    .         Reflect  .   (no cloak)
rCorr    .         Harm     .   t - +0 pair of gloves
MR       .....                  (no boots)
Stlth    ..........             (no amulet)
HPRegen  0.18/turn              (no ring)
MPRegen  0.09/turn              (no ring)

@: confused, lightly drained
A: retaliatory headbutt, horns 2
a: no special abilities


You were on level 3 of the Dungeon.
You were not hungry.

You visited 1 branch of the dungeon, and saw 4 of its levels.

You collected 138 gold pieces.

Inventory:

Hand Weapons
 a - a +0 flail
 u - a +0 flail of protection (weapon)
Missiles
 e - 60 stones (quivered)
Armour
 b - a +0 scale mail (worn)
 c - a +0 shield (worn)
 t - a +0 pair of gloves (worn)
Jewellery
 i - an uncursed ring of see invisible {unknown}
 q - a +3 amulet of reflection {unknown}
Scrolls
 g - a scroll of enchant weapon {unknown}
 k - 3 scrolls of identify {unknown}
 l - a scroll of amnesia {unknown}
 n - a scroll of fog {unknown}
 r - 3 scrolls of remove curse {unknown}
 s - a scroll of teleportation {unknown}
Potions
 d - a potion of might
 h - 2 potions of curing {unknown}
 j - a potion of lignification {unknown}
 m - 2 potions of degeneration {unknown}
 o - a potion of brilliance {unknown}
 p - a potion of haste {unknown}
Comestibles
 f - 6 rations
 v - a chunk of flesh


   Skills:
 + Level 5.6(5.0) Fighting
 * Level 6.6(6.0) Maces & Flails
 - Level 3.6(3.1) Armour
 + Level 5.6(5.1) Shields


You had 5 spell levels left.
You didn't know any spells.
Your spell library was empty.

Dungeon Overview and Level Annotations

Branches:
Dungeon (4/15)
 Temple: D:4-7

Altars:
Dithmenos
Fedhas
Nemelex Xobeh
Okawaru
Uskayaw
Wu Jian


Innate Abilities, Weirdness & Mutations

You reflexively headbutt those who attack you in melee.
You have a pair of horns on your head.


Message History

You closely miss something. You headbutt something! Something hits you.
You miss something. Your headbutt misses something.
Something hits you but does no damage.
You closely miss something. Something hits you. x2
You completely miss something. Your headbutt misses something.
You hear some strange, mumbled words.
You are confused.
You completely miss something. You headbutt something.
Reactivating autopickup.
You feel a bit more experienced. The kobold barely misses you.
You bump into the stone wall.
The kobold barely misses you.
You bump into the stone wall.
The kobold hits you but does no damage.
You are electrocuted!
* * * LOW HITPOINT WARNING * * *
You barely miss the kobold. Your headbutt misses the kobold.
The kobold barely misses you.
You closely miss the kobold. You headbutt the kobold.
The kobold is severely wounded.
The kobold hits you but does no damage.
You are electrocuted!
You die...

...................
.............$.....
.........).........
..#................
..#.....)).........
..#.....).)........
...................
...)..รท..(#..######'####
....#.#...#....)@K......
..#.......##############
.............
..###.##.......
.............<..
..#######.#.#... ... ...
........ .###.. .#.#.##
.....


You could see a kobold.

Vanquished Creatures
  A bullfrog (D:2)
  A scorpion (D:4)
  A crimson imp (D:4)
  5 orc wizards
  3 worker ants (D:4)
  A hound skeleton (D:4)
  3 adders (D:2)
  2 worms (D:2)
  4 dart slugs
  8 orcs
  A ball python (D:1)
  A giant cockroach (D:2)
  14 goblins
  8 hobgoblins
  5 jackals (D:3)
  5 kobolds
  7 bats
  3 frilled lizards
  A leopard gecko skeleton (D:4)
  6 rats
80 creatures vanquished.

Notes
Turn   | Place    | Note
-------+----------+-------------------------------------------
     0 | D:1      | Mrkan the Minotaur Fighter began the quest for the Orb.
     0 | D:1      | Reached XP level 1. HP: 19/19 MP: 0/0
    51 | D:1      | Reached XP level 2. HP: 24/27 MP: 1/1
    52 | D:1      | Reached skill level 3 in Maces & Flails
   435 | D:1      | Reached XP level 3. HP: 33/33 MP: 2/2
   670 | D:2      | Reached skill level 4 in Maces & Flails
   697 | D:2      | HP: 1/33 [hobgoblin/+0 club (4)]
   897 | D:2      | Reached XP level 4. HP: 24/40 MP: 3/3
  1079 | D:2      | Noticed a bullfrog
  1084 | D:2      | Killed a bullfrog
  1084 | D:2      | Reached XP level 5. HP: 40/47 MP: 4/4
  1256 | D:2      | Reached skill level 5 in Maces & Flails
  1463 | D:3      | You fall into a shaft and drop 1 floor!
  1504 | D:4      | Found a sparkling altar of Nemelex Xobeh.
  1572 | D:4      | Reached skill level 5 in Shields
  1661 | D:4      | Reached skill level 5 in Fighting
  1699 | D:4      | Found a shadowy altar of Dithmenos.
  1700 | D:4      | Found a hide-covered altar of Uskayaw.
  1700 | D:4      | Found a blossoming altar of Fedhas.
  1708 | D:4      | Found an iron altar of Okawaru.
  1719 | D:4      | Found an ornate altar of the Wu Jian Council.
  1904 | D:4      | Reached XP level 6. HP: 56/56 MP: 5/5
  1928 | D:4      | Reached skill level 6 in Maces & Flails
  2406 | D:3      | Mangled by a kobold

Levels and vault maps discovered:
D:1:      scummos_arrival_forest, layout_rooms, nrook_mini_backslash,
          solitary_fountain
D:2:      layout_loops_cross, first_ration
D:3:      layout_basic, old_standard_altar, serial_glass, glass_columns_b,
          glass_columns_b
D:4:      layout_loops_cross, minmay_overflow_temple_star_hex,
          nemelex_lonely_heart_becter

Skill      XL: |  1  2  3  4  5  6 |
---------------+-------------------+-----
Maces & Flails | 3 4 5 6 |  6.6
Shields        | 4 5 |  5.6
Fighting       | 4 5 |  5.6
Armour         | |  3.6

Action                   |  1- 3 |  4- 6 || total
-------------------------+-------+-------++-------
Melee: Flail             |    70 |   139 ||   209
       Headbutt          |    12 |    27 ||    39
  Eat: Chunk             |       |     5 ||     5
Armor: Scale mail        |    54 |    77 ||   131
Dodge: Dodged            |    26 |    43 ||    69
Block: Shield            |    47 |    70 ||   117

Table legend:
 A = Non-vault XP
 B = Vault XP
 C = Vault XP percentage of total XP
 D = Non-vault monster count
 E = Vault monster count
 F = Vault count percentage of total count
                 A         B        C        D         E       F
            +---------+---------+-------+---------+---------+-------
      Total |     707 |       0 |   0.0 |      80 |       0 |   0.0
            +---------+---------+-------+---------+---------+-------
        D:1 |      46 |       0 |   0.0 |      26 |       0 |   0.0
        D:2 |     185 |       0 |   0.0 |      24 |       0 |   0.0
        D:3 |      96 |       0 |   0.0 |      15 |       0 |   0.0
        D:4 |     380 |       0 |   0.0 |      15 |       0 |   0.0
            +---------+---------+-------+---------+---------+-------
